[Event "10th Cesme Open-A 2024"]
[Site "Cesme"]
[Date "2024.06.27"]
[Round "6"]
[White "Grover, Sahaj"]
[Black "Fromm, Marius"]
[Result "0-1"]
[ECO "B45"]
[WhiteElo "2510"]
[BlackElo "2465"]
[Annotator "TA"]
[PlyCount "114"]
[EventDate "2024.06.23"]
[EventType "swiss"]
[EventCountry "TUR"]
[SourceTitle "playchess.com"]
[Source "ChessBase"]
[SourceQuality "1"]
[TimeControl "5400+30"]

1. e4 c5 2. Nf3 e6 3. d4 cxd4 4. Nxd4 Nf6 5. Nc3 Nc6 6. Qd3 {[%emt 0:00:00] B45: Sicilian Four Knights.} d5 7. exd5 Nxd5 8. Nxd5 Qxd5 9. Nb5 Qe5+ 10. Qe3 Bd6 $146 ({Predecessor:} 10... Bb4+ 11. c3 Ba5 12. Qxe5 Nxe5 13. Bf4 Nc6 14. Nd6+ Ke7 15. Nc4 f6 16. Bd6+ Kf7 17. Nxa5 Nxa5 {½-½ Shukhman,A (2282)-Zeliantsova,K (1961) RUS-chT (Women) 2024 (7.8)}) 11. f4 Qxe3+ 12. Bxe3 Bb8 13. O-O-O O-O 14. g4 Rd8 15. Bg2 Bd7 16. Rd2 Be8 17. Rhd1 Rxd2 18. Rxd2 h5 19. h3 hxg4 20. hxg4 a6 21. Bxc6 (21. Nd6 $16) 21... Bxc6 $11 22. Rd8+ Kh7 23. Nc7 Ba7 $1 24. Nxa8 (24. Rxa8 Bxe3+ 25. Kd1 Bxf4 $17) 24... Bxe3+ 25. Kd1 $1 Bf3+ 26. Ke1 Bxf4 27. Kf2 Be4 28. Rd7 (28. Rd4 $5 f5 $8 29. b3 $11) 28... Kg6 29. Rd4 f5 30. gxf5+ exf5 31. c4 Be5 32. Rd2 f4 33. Nb6 Kf5 34. c5 g5 35. Nc8 $2 (35. Nc4 $17 Kf6 (35... g4 $2 36. Nd6+ Kf6 37. Nxe4+ $18) 36. Ke1) 35... Ke6 (35... g4 $2 36. Nd6+ Ke6 (36... Bxd6 $2 37. cxd6 g3+ 38. Kf1 $18) 37. Nxe4 $18) 36. Nd6 {[%emt 0:02:52] [#]} Bc6 $1 37. Nc4 Bf6 (37... g4 $2 38. Re2 $18) 38. Re2+ (38. Rd6+ Kf5 39. Kf1 g4 $19 (39... Be7 $2 40. Rh6 $19)) 38... Kd5 $2 (38... Kf5 $19 39. Nd6+ Kg6 (39... Kg4 $2 40. b4 $19)) 39. Na5 $11 g4 40. Nxc6 bxc6 41. Re8 $1 Bxb2 42. Rg8 Bd4+ (42... Kxc5 43. Rxg4 Bc1 44. Ke2 $14) 43. Kg2 f3+ (43... Kxc5 {simplifies} 44. Rxg4 Be3 45. Kf3 Kb5) 44. Kf1 Kxc5 (44... Bxc5 $5 45. Rg5+ $8 Kc4 46. Rxg4+ Bd4 $11) 45. Rxg4 Kc4 46. Rf4 (46. Rg3 $5) 46... f2 47. Ke2 Kc3 48. Rf8 a5 49. Rc8 c5 50. Rb8 c4 51. Rb5 a4 52. a3 f1=Q+ (52... Be3 $5 53. Rb4 $8 Bc5 54. Rxa4 Kb3 $11) 53. Kxf1 Kd3 54. Rb1 $2 (54. Ke1 $11) 54... c3 ({Inferior is} 54... Kc2 55. Rb4 Kd3 56. Rxa4 $11) 55. Rd1+ Ke3 56. Re1+ {[%emt 0:01:51] [#]} Kd2 $1 57. Re2+ Kd3 0-1

[Event "10th Cesme Open-A 2024"]
[Site "Cesme"]
[Date "2024.06.27"]
[Round "6"]
[White "Gholami, Aryan"]
[Black "Pacher, Milan"]
[Result "1-0"]
[ECO "D02"]
[WhiteElo "2481"]
[BlackElo "2387"]
[Annotator "TA"]
[PlyCount "99"]
[EventDate "2024.06.23"]
[EventType "swiss"]
[EventCountry "TUR"]
[SourceTitle "playchess.com"]
[Source "ChessBase"]
[SourceQuality "1"]
[TimeControl "5400+30"]

1. d4 d5 2. Bf4 c5 3. e3 Nc6 4. Nf3 Nf6 5. Nbd2 cxd4 6. exd4 Bf5 7. c3 e6 8. Bb5 {[%emt 0:05:30] The position is equal.} Bd6 9. Bg3 O-O 10. O-O Bxg3 11. hxg3 Qb6 12. Bxc6 bxc6 13. b4 a5 14. a3 Ne4 15. Nxe4 Bxe4 16. Nd2 Bg6 (16... Bd3 $11 17. Re1 axb4) 17. Nb3 $14 axb4 18. cxb4 f6 19. Qd2 e5 20. Rfc1 Ra7 21. Rc5 Be8 22. Qc3 Re7 23. Re1 Qb8 24. Rc1 e4 (24... Qb6 $142) 25. Qe3 (25. Na5 $142 $1) 25... f5 ({Black should play} 25... Qa8) 26. Na5 $16 f4 27. gxf4 Qxf4 28. Nxc6 Bxc6 29. Qxf4 Rxf4 30. Rxc6 {[%emt 0:00:30][%mdl 4096] Endgame. b5 would now be deadly. KRR-KRR} e3 31. fxe3 Rxe3 32. R6c3 Re2 33. Rf1 Rxf1+ 34. Kxf1 {[%emt 0:00:00] KR-KR} Rb2 35. g3 h5 36. Ke1 g5 37. Kd1 $1 {[%emt 0:00:30] Kc1 is the strong threat.} h4 $2 {[%emt 0:00:30] Loses the game.} (37... Kf7 $16 {was called for.} 38. Kc1 Rf2) 38. gxh4 $18 (38. Kc1 Rg2 39. gxh4 gxh4 $11) 38... gxh4 39. Kc1 Rg2 40. b5 Rg3 41. Rc8+ Kg7 42. Kb2 h3 43. Rc1 {[%emt 0:01:00] Hoping for a4.} Kf7 44. a4 (44. Rf1+ $142 $1 Ke6 45. a4) 44... h2 45. Rh1 Rg2+ 46. Kb3 {[%emt 0:00:34] aiming for b6.} Ke6 {[%emt 0:00:00] [#]} 47. Kb4 $1 Kd6 {[%emt 0:01:00] [#]} 48. Ka5 $1 {[%emt 0:00:32] Black must now prevent b6.} Ra2 49. b6 Kc6 $2 (49... Kd7 50. Kb5 Kc8) 50. Rc1+ {[%emt 0:00:05] Weighted Error Value: White=0.11 (very precise) /Black=0.19 (very precise) .  Loses game:     	---       	Black=1      Mistake:       	White=2     	Black=4      Inaccurate:     	---       	Black=2      OK:         	White=21    	Black=13     Best:        	White=3     	Black=6      Strong:       	White=2     	---} 1-0

[Event "10th Cesme Open-A 2024"]
[Site "Cesme"]
[Date "2024.06.27"]
[Round "6"]
[White "Annaberdiyev, Meylis"]
[Black "Erten, Kerem"]
[Result "0-1"]
[ECO "C07"]
[WhiteElo "2467"]
[BlackElo "2277"]
[Annotator "TA"]
[PlyCount "104"]
[EventDate "2024.06.23"]
[EventType "swiss"]
[EventCountry "TUR"]
[SourceTitle "playchess.com"]
[Source "ChessBase"]
[SourceQuality "1"]
[TimeControl "5400+30"]

1. e4 e6 2. d4 d5 3. Nd2 c5 4. c3 cxd4 5. cxd4 Nc6 6. Ngf3 dxe4 7. Nxe4 Nf6 8. Bd3 Nxe4 9. Bxe4 Bb4+ {[%emt 0:00:30] The position is equal.} 10. Bd2 Bxd2+ 11. Qxd2 O-O 12. Bxc6 bxc6 13. O-O Qd6 14. Rfc1 Rd8 15. Qa5 Bd7 {[%emt 0:01:30] Black is weak on the dark squares} 16. Rc5 Be8 17. Rac1 Qf4 18. Qc3 Rd5 19. Qe3 Qd6 20. b3 Rd8 21. h3 f6 22. R5c4 Qe7 23. Re1 R8d6 24. Nd2 Bg6 25. Ra4 e5 26. Nc4 (26. f4 $1 $14) 26... Re6 $1 $11 27. dxe5 (27. f4 $11 Rxd4 28. Nxe5 Rxa4 29. Nxg6 Rxe3 (29... hxg6 30. Qxe6+ Qxe6 31. Rxe6 $11) 30. Nxe7+ Rxe7 31. Rxe7 Rxa2 (31... Rxf4 32. Rxa7 Rd4 33. Kf1 $11) 32. Rc7) 27... Rdxe5 28. Nxe5 Rxe5 29. Rxa7 Qe8 30. a4 Rxe3 31. Rxe3 {[%emt 0:00:30] [#]} Be4 $1 32. a5 (32. f3 $142 Qb8 33. Re7) 32... f5 $19 33. a6 c5 $2 (33... Qd8 $19 {And now ...c5 would win.} 34. Re1 c5) 34. Rc7 $2 {[%emt 0:13:41][%mdl 8192] White does not recover from this.} (34. f3 $15 Qd8 (34... Qb8 35. Re7 $11) 35. fxe4) 34... Qd8 35. Rxe4 {[%emt 0:00:04] [#] Ree7 would now be deadly.} Qxc7 {[%emt 0:00:30][%mdl 4096] Endgame. KQ-KR} 36. Ra4 Qa7 37. Kf1 Kf7 {[%emt 0:00:30] ...Qd7 is the strong threat.} 38. Ke2 Ke6 39. Kd3 Kd5 40. Kc3 g6 41. f4 Kc6 42. g3 Kc7 43. Ra3 Kb6 {[%emt 0:01:45] Hoping for ...Qg7+.} 44. Kc2 Kc6 45. Ra4 Kc7 46. Ra3 Kb8 47. Ra5 Ka8 {[%emt 0:00:54] aiming for ...Qe7.} 48. Ra4 Qe7 {[%emt 0:00:57] Threatens to win with ...Qe2+.} 49. Kd3 Qe6 50. Kc3 Ka7 51. h4 Qe3+ 52. Kc4 Kb6 {[%emt 0:01:08] Weighted Error Value: White=0.44/Black=0.13 (very precise) .  Loses game:     	White=1     	---        Mistake:       	White=3     	Black=1      Inaccurate:     	---       	Black=1      OK:         	White=10    	Black=14     Best:        	White=1     	Black=2      Strong:       	---       	Black=2} 0-1

[Event "10th Cesme Open-A 2024"]
[Site "Cesme"]
[Date "2024.06.27"]
[Round "6"]
[White "Durak, Can"]
[Black "Ebrahimi Herab, Hamidreza"]
[Result "0-1"]
[ECO "D91"]
[WhiteElo "2442"]
[BlackElo "2333"]
[Annotator "TA"]
[PlyCount "88"]
[EventDate "2024.06.23"]
[EventType "swiss"]
[EventCountry "TUR"]
[SourceTitle "playchess.com"]
[Source "ChessBase"]
[SourceQuality "1"]
[TimeControl "5400+30"]

1. d4 Nf6 2. c4 g6 3. Nc3 d5 4. Nf3 Bg7 5. Bg5 Ne4 6. Bf4 Nxc3 7. bxc3 c5 8. e3 Nc6 9. cxd5 Qxd5 10. Be2 O-O 11. O-O Bf5 12. c4 Qd8 {[%emt 0:10:30] [#]} 13. d5 {[%emt 0:00:30] White has an edge.} Nb4 {[%emt 0:02:30] [#]} (13... Na5 14. Rc1) 14. a3 $1 Na6 15. Nd2 e5 16. Bg3 Bd7 17. Rb1 b6 18. f4 exf4 19. Bxf4 ({Much worse is} 19. exf4 Bf5 $11) 19... f5 20. e4 fxe4 21. Nxe4 Bf5 22. Bd3 Bxe4 (22... Nc7 $14) 23. Bxe4 $18 {[%emt 0:00:30] d6 is the strong threat.} Qe7 24. Qd3 {[%emt 0:00:30] Strongly threatening d6.} Rae8 25. Rbe1 {[%emt 0:00:30] And now d6 would win.} Bd4+ (25... Qd8 $142 26. d6 Nb8) 26. Kh1 {[%emt 0:00:30] aiming for d6.} Nb8 27. Bxb8 ({Better is} 27. d6 $18 {Intending Bd5+ and mate.} Qf6 28. Bd5+ Kh8 29. Rxe8 Rxe8 30. Bg3) 27... Rxb8 {[%emt 0:00:30] [#]} 28. Bxg6 $2 Rxf1+ $19 29. Rxf1 {[%emt 0:00:30][%cal Og6h7] Bxh7+! would now be deadly.} (29. Qxf1 $2 {too greedy.} Rf8 $19) 29... hxg6 30. Qxg6+ Bg7 31. d6 {[%emt 0:00:30] [#]} (31. g3 $142) 31... Rf8 $1 32. Rxf8+ Qxf8 33. h4 {[%emt 0:00:30] Threatens to win with d7.} Qf7 34. Qg4 Qf1+ 35. Kh2 Qf6 36. d7 Kf8 37. Qg3 Ke7 38. d8=B+ Kxd8 39. Qb8+ Ke7 40. Qxa7+ Kf8 41. Qa8+ Kf7 42. Qb7+ {[%emt 0:01:30] [#]} Kg6 $1 43. Qe4+ Qf5 44. Qe2 {[%emt 0:07:30] [#]} (44. Qe8+ $19 Kh7 45. Qe3) 44... Qe5+ $1 {[%emt 0:00:30] Weighted Error Value: White=0.65/Black=0.12 (very precise) .  Loses game:     	White=2     	---        Missed win:     	White=1     	---        Mistake:       	White=2     	Black=2      Inaccurate:     	White=3     	Black=1      OK:         	White=13    	Black=12     Best:        	White=1     	Black=10     Strong:       	---       	Black=2} 0-1

[Event "10th Cesme Open-A 2024"]
[Site "Cesme"]
[Date "2024.06.27"]
[Round "6"]
[White "Yermolinsky, Alex"]
[Black "Yurtseven, Melih"]
[Result "1/2-1/2"]
[ECO "D30"]
[WhiteElo "2421"]
[BlackElo "2333"]
[Annotator "RC"]
[PlyCount "86"]
[EventDate "2024.06.23"]
[EventType "swiss"]
[EventCountry "TUR"]
[SourceTitle "playchess.com"]
[Source "ChessBase"]
[SourceQuality "1"]
[TimeControl "5400+30"]

1. d4 Nf6 2. c4 e6 3. Nf3 d5 4. Bg5 h6 5. Bxf6 Qxf6 6. e3 c6 7. Nbd2 Nd7 8. Be2 g5 9. O-O Bg7 10. Rc1 Qe7 11. Nb3 O-O 12. Qd2 f5 13. a3 h5 14. Qb4 Qd8 15. Nc5 a5 16. Qd2 Nxc5 17. dxc5 g4 18. Ne1 dxc4 19. Qxd8 Rxd8 20. Bxc4 Bxb2 21. Rc2 Bxa3 22. Nd3 Rb8 23. f3 Kg7 24. Rb1 Kf6 25. Rb3 Bb4 26. Nxb4 axb4 27. Rxb4 Ra8 28. Kf2 e5 29. h3 gxh3 30. gxh3 Ra1 31. Be2 Rd5 32. f4 exf4 33. Rxf4 Ra5 34. Rfc4 h4 35. Bf3 Re5 36. Rxh4 Rexc5 37. Rd2 Rc3 38. Rh7 Raa3 39. Rd6+ Ke5 40. Rdh6 Rxe3 41. Re7+ Kf4 42. Rh4+ Kg5 43. Rh5+ Kf4 1/2-1/2

[Event "10th Cesme Open-A 2024"]
[Site "Cesme"]
[Date "2024.06.27"]
[Round "6"]
[White "Samani, Yamac"]
[Black "Barrish, Daniel"]
[Result "1/2-1/2"]
[ECO "B19"]
[WhiteElo "2360"]
[BlackElo "2256"]
[Annotator "RC"]
[PlyCount "64"]
[EventDate "2024.06.23"]
[EventType "swiss"]
[EventCountry "TUR"]
[SourceTitle "playchess.com"]
[Source "ChessBase"]
[SourceQuality "1"]
[TimeControl "5400+30"]

1. e4 c6 2. d4 d5 3. Nc3 dxe4 4. Nxe4 Bf5 5. Ng3 Bg6 6. Nf3 Nd7 7. h4 h6 8. h5 Bh7 9. Bd3 Bxd3 10. Qxd3 e6 11. Bd2 Ngf6 12. O-O-O Be7 13. Ne4 Nxe4 14. Qxe4 Nf6 15. Qe2 Qd5 16. c4 Qe4 17. Qxe4 Nxe4 18. Be3 f5 19. g3 O-O 20. Ne5 Rad8 21. Ng6 Rfe8 22. Nxe7+ Rxe7 23. Kb1 Red7 24. Rc1 b6 25. Rc2 Ng5 26. Rc3 Nf3 27. Bxh6 gxh6 28. Rxf3 Rxd4 29. Rc1 Re4 30. Ra3 Re2 31. Rxa7 Rdd2 32. f4 Rxb2+ 1/2-1/2

[Event "10th Cesme Open-A 2024"]
[Site "Cesme"]
[Date "2024.06.27"]
[Round "6"]
[White "Schekachikhin, Maksim"]
[Black "Tarlabasi, Emirhan"]
[Result "1-0"]
[ECO "D30"]
[WhiteElo "2343"]
[BlackElo "2303"]
[Annotator "RC"]
[PlyCount "139"]
[EventDate "2024.06.23"]
[EventType "swiss"]
[EventCountry "TUR"]
[SourceTitle "playchess.com"]
[Source "ChessBase"]
[SourceQuality "1"]
[TimeControl "5400+30"]

1. d4 d5 2. c4 e6 3. Nf3 c5 4. cxd5 exd5 5. g3 Nc6 6. Bg2 Nf6 7. O-O Be7 8. dxc5 Bxc5 9. a3 a5 10. Bg5 O-O 11. Qc2 Ba7 12. Nc3 Be6 13. Rad1 Rc8 14. Qb1 Re8 15. e3 h6 16. Bxf6 Qxf6 17. Nxd5 Bxd5 18. Rxd5 Rcd8 19. Rfd1 Rxd5 20. Rxd5 Rd8 21. Nd2 Rxd5 22. Bxd5 Ne5 23. Bxb7 Ng4 24. Nf3 Ne5 25. Nxe5 Qxe5 26. b4 axb4 27. axb4 g5 28. Qd3 Bb6 29. Kg2 Kg7 30. Qd7 Qc7 31. Qd5 Qc3 32. b5 Qb2 33. Qd3 Qe5 34. Bd5 Qf6 35. Qe4 h5 36. h3 h4 37. g4 Bc7 38. Bc4 Qd6 39. Qf3 Qg6 40. Qd5 Qf6 41. Qd7 Bb6 42. Bd5 Ba5 43. Qb7 Be1 44. Qxf7+ Qxf7 45. Bxf7 Kxf7 46. b6 Ba5 47. b7 Bc7 48. Kf3 Bb8 49. Ke4 Kf6 50. f4 Kg6 51. Kd5 gxf4 52. exf4 Bxf4 53. Ke6 Bg3 54. Kd7 Kg5 55. Kc8 Be5 56. b8=Q Bxb8 57. Kxb8 Kf4 58. Kc7 Ke5 59. Kd7 Kd5 60. Ke7 Ke5 61. Kf7 Kf4 62. Kf6 Kg3 63. g5 Kxh3 64. g6 Kg2 65. g7 h3 66. g8=Q+ Kf2 67. Qa2+ Kg1 68. Qb1+ Kg2 69. Qe4+ Kg1 70. Qg4+ 1-0

[Event "10th Cesme Open-A 2024"]
[Site "Cesme"]
[Date "2024.06.27"]
[Round "6"]
[White "Kamer, Kayra"]
[Black "Isik, Alparslan"]
[Result "0-1"]
[ECO "B56"]
[WhiteElo "2316"]
[BlackElo "2469"]
[Annotator "RC"]
[PlyCount "98"]
[EventDate "2024.06.23"]
[EventType "swiss"]
[EventCountry "TUR"]
[SourceTitle "playchess.com"]
[Source "ChessBase"]
[SourceQuality "1"]
[TimeControl "5400+30"]

1. e4 c5 2. Nf3 d6 3. d4 cxd4 4. Nxd4 Nf6 5. Nc3 Nc6 6. h3 e5 7. Nde2 Be6 8. g4 d5 9. exd5 Nxd5 10. Bg2 Nxc3 11. Nxc3 Qxd1+ 12. Nxd1 O-O-O 13. Ne3 h5 14. Bd2 Bc5 15. g5 f5 16. gxf6 gxf6 17. a3 f5 18. b4 Bb6 19. c4 Nd4 20. Ra2 e4 21. Bc3 Rhg8 22. Rd2 f4 23. Nd5 Bxd5 24. cxd5 Rxg2 25. Bxd4 Rxd5 26. Rc2+ Kd7 27. Bxb6 axb6 28. Rc4 Re5 29. Ke2 Ke6 30. Rd1 e3 31. Rf1 exf2+ 32. Kf3 Rg3+ 33. Kxf2 Kf5 34. Rd1 Rxh3 35. Rd7 Kg4 36. Rg7+ Rg5 37. Rxb7 Rh2+ 38. Ke1 Kg3 39. Rf7 f3 40. Rc3 Rf2 41. Re3 Kg2 42. a4 Rf1+ 43. Kd2 f2 44. Re2 Kg1 45. a5 bxa5 46. bxa5 Rg2 47. Ke3 Ra1 48. Rexf2 Rxf2 49. Rxf2 Ra3+ 0-1

[Event "10th Cesme Open-A 2024"]
[Site "Cesme"]
[Date "2024.06.27"]
[Round "6"]
[White "Bicer, Atakan Mert"]
[Black "Domalchuk-Jonasson, Aleksandr"]
[Result "1/2-1/2"]
[ECO "C07"]
[WhiteElo "2313"]
[BlackElo "2380"]
[Annotator "RC"]
[PlyCount "80"]
[EventDate "2024.06.23"]
[EventType "swiss"]
[EventCountry "TUR"]
[SourceTitle "playchess.com"]
[Source "ChessBase"]
[SourceQuality "1"]
[TimeControl "5400+30"]

1. e4 e6 2. d4 d5 3. Nd2 c5 4. Ngf3 cxd4 5. Nxd4 Nc6 6. Bb5 Bd7 7. Nxc6 bxc6 8. Bd3 Qc7 9. Qe2 Ne7 10. Nf3 Ng6 11. e5 f6 12. Bxg6+ hxg6 13. h3 g5 14. O-O c5 15. Bd2 Rb8 16. c4 d4 17. b3 Be7 18. Rae1 Qb7 19. b4 Kf7 20. exf6 gxf6 21. bxc5 Bxc5 22. Bxg5 Rbg8 23. Rb1 Qc7 24. Rfe1 Rxg5 25. Nxg5+ fxg5 26. Qf3+ Qf4 27. Qb7 Qd6 28. Rb3 Ke7 29. Qe4 Qf4 30. Qg6 Qf6 31. Qe4 Qf4 32. Qg6 Qf6 33. Qe4 Rf8 34. Rf3 Qg7 35. Qd5 Bb4 36. Rxe6+ Bxe6 37. Qb7+ Bd7 38. Qxb4+ Ke8 39. Qb8+ Ke7 40. Qb4+ Ke8 1/2-1/2

[Event "10th Cesme Open-A 2024"]
[Site "Cesme"]
[Date "2024.06.27"]
[Round "6"]
[White "Taspinar, Yanki"]
[Black "Cilek, Bora"]
[Result "1/2-1/2"]
[ECO "C10"]
[WhiteElo "2309"]
[BlackElo "2242"]
[Annotator "RC"]
[PlyCount "32"]
[EventDate "2024.06.23"]
[EventType "swiss"]
[EventCountry "TUR"]
[SourceTitle "playchess.com"]
[Source "ChessBase"]
[SourceQuality "1"]
[TimeControl "5400+30"]

1. e4 e6 2. d4 d5 3. Nd2 dxe4 4. Nxe4 Bd7 5. Nf3 Bc6 6. Bd3 Nd7 7. O-O Ngf6 8. Qe2 Nxe4 9. Bxe4 Bxe4 10. Qxe4 c6 11. Bf4 Nf6 12. Qd3 Be7 13. Rfe1 O-O 14. Be5 Nd7 15. Bg3 Nf6 16. Be5 Nd7 1/2-1/2

[Event "10th Cesme Open-A 2024"]
[Site "Cesme"]
[Date "2024.06.27"]
[Round "6"]
[White "Koksal, Ege"]
[Black "Bernadskiy, Vitaliy"]
[Result "1/2-1/2"]
[ECO "E67"]
[WhiteElo "2297"]
[BlackElo "2563"]
[Annotator "TA"]
[PlyCount "74"]
[EventDate "2024.06.23"]
[EventType "swiss"]
[EventCountry "TUR"]
[SourceTitle "playchess.com"]
[Source "ChessBase"]
[SourceQuality "1"]
[TimeControl "5400+30"]

1. d4 d6 2. Nf3 Nf6 3. g3 g6 4. Bg2 Bg7 5. O-O O-O 6. c4 Nbd7 7. Nc3 e5 8. Qc2 exd4 9. Nxd4 Nb6 10. Rd1 Nxc4 11. Ncb5 a6 12. Qxc4 axb5 13. Nxb5 Ne8 14. Qb4 Qe7 15. Be3 Bd7 {[%emt 0:05:30] White has an edge.} 16. a4 (16. Bxb7 Rb8 17. Ba6 Bxb5 (17... c6 18. Ba7 $17) 18. Bxb5 c6 $19) 16... Bc6 17. Rac1 Bxg2 18. Kxg2 c5 19. Qb3 Qe4+ 20. Kg1 Rxa4 {[%emt 0:05:30][%cal Ba8a4,Ba4b4,Bb4b3][%mdl 32] [#] ...Rb4 is the strong threat.} 21. Nxd6 Nxd6 22. Rxd6 (22. Bxc5 {is interesting.} Nf5 23. Bxf8 Bxf8 24. Rc7) 22... Rb4 23. Qc2 Qxc2 24. Rxc2 b6 25. Bd2 Rb3 26. Bc3 Rc8 27. Kg2 b5 28. e3 c4 29. Kf3 h5 30. h4 Ra8 31. g4 hxg4+ 32. Kxg4 Ra2 {[%emt 0:01:30] [#] White must now prevent ...Bxc3.} 33. Rdd2 Bxc3 34. bxc3 Rxc2 35. Rxc2 Kg7 36. h5 Kf6 (36... gxh5+ $142 37. Kxh5 Kf6) 37. f3 $2 ({White should play} 37. h6 $11 Rb1 38. f4) 37... Ke5 $2 {[%emt 0:07:30][%mdl 8192] Weighted Error Value: White=0.19 (very precise) /Black=0.07 (flawless) .  Loses game:     	---       	Black=1      Mistake:       	White=1     	Black=1      Inaccurate:     	White=1     	Black=1      OK:         	White=12    	Black=6      Best:        	---       	Black=2} (37... gxh5+ $17 {stays on course.} 38. Kxh5 Ke5) 1/2-1/2

[Event "10th Cesme Open-A 2024"]
[Site "Cesme"]
[Date "2024.06.27"]
[Round "6"]
[White "Eke, Salih"]
[Black "Portakalci, Yusuf"]
[Result "1-0"]
[ECO "D37"]
[WhiteElo "2251"]
[BlackElo "2034"]
[Annotator "RC"]
[PlyCount "63"]
[EventDate "2024.06.23"]
[EventType "swiss"]
[EventCountry "TUR"]
[SourceTitle "playchess.com"]
[Source "ChessBase"]
[SourceQuality "1"]
[TimeControl "5400+30"]

1. d4 d5 2. c4 e6 3. Nf3 Nf6 4. Nc3 Be7 5. Bf4 O-O 6. e3 a6 7. cxd5 exd5 8. Bd3 Nbd7 9. O-O c6 10. h3 Re8 11. Bh2 b5 12. Ne5 Bb7 13. Rc1 Bd6 14. f4 c5 15. Kh1 cxd4 16. exd4 Ne4 17. Nxe4 dxe4 18. Bc2 Nf6 19. Bb3 Re7 20. f5 Qb6 21. Qe2 Rd8 22. Bg1 Bb8 23. Be3 Ba7 24. Ng4 Bb8 25. d5 Qd6 26. Bf4 Qd7 27. Nxf6+ gxf6 28. Qg4+ Kh8 29. Qh4 Be5 30. Bxe5 fxe5 31. Qf6+ Kg8 32. Rc3 1-0

[Event "10th Cesme Open-A 2024"]
[Site "Cesme"]
[Date "2024.06.27"]
[Round "6"]
[White "Ince, Taylan Ruzgar"]
[Black "Uysal, Ugur"]
[Result "1-0"]
[ECO "E62"]
[WhiteElo "2243"]
[BlackElo "2058"]
[Annotator "RC"]
[PlyCount "113"]
[EventDate "2024.06.23"]
[EventType "swiss"]
[EventCountry "TUR"]
[SourceTitle "playchess.com"]
[Source "ChessBase"]
[SourceQuality "1"]
[TimeControl "5400+30"]

1. Nf3 Nf6 2. c4 g6 3. g3 Bg7 4. d4 O-O 5. Bg2 d6 6. O-O c6 7. Nc3 Qb6 8. Qc2 Bf5 9. Qa4 Ne4 10. Rd1 Nxc3 11. bxc3 Be4 12. c5 Qc7 13. cxd6 exd6 14. Bf4 Re8 15. c4 Qe7 16. Rac1 Na6 17. Qa3 Rad8 18. Qe3 c5 19. dxc5 Nxc5 20. Qa3 a6 21. Be3 Bc6 22. Ne1 Qc7 23. Bd5 Na4 24. Bxc6 Qxc6 25. Nd3 Re4 26. Nb4 Qe8 27. Rc2 Kh8 28. Nd5 Qc6 29. Qd3 Rde8 30. Rb1 h5 31. Qb3 Nc5 32. Bxc5 dxc5 33. Qf3 b5 34. Qxf7 Rf8 35. Qc7 Qxc7 36. Nxc7 bxc4 37. Nxa6 Rfe8 38. e3 Rc8 39. Rb5 c3 40. Rxc5 Rxc5 41. Nxc5 Rb4 42. Nb3 h4 43. Kf1 Kh7 44. Ke2 h3 45. Kd3 g5 46. f3 Be5 47. f4 gxf4 48. gxf4 Bf6 49. Nd4 Rb1 50. Kxc3 Rh1 51. Kd3 Bh4 52. Nf3 Bf6 53. Ke4 Kg6 54. Rc6 Ra1 55. Ne5+ Kg7 56. Rc7+ Kf8 57. Rf7+ 1-0

[Event "10th Cesme Open-A 2024"]
[Site "Cesme"]
[Date "2024.06.27"]
[Round "6"]
[White "Caputcuoglu, Zeki Berke"]
[Black "Oney, Adil Feridun"]
[Result "1-0"]
[ECO "E63"]
[WhiteElo "2239"]
[BlackElo "2014"]
[Annotator "RC"]
[PlyCount "80"]
[EventDate "2024.06.23"]
[EventType "swiss"]
[EventCountry "TUR"]
[SourceTitle "playchess.com"]
[Source "ChessBase"]
[SourceQuality "1"]
[TimeControl "5400+30"]

1. Nf3 Nf6 2. c4 g6 3. g3 Bg7 4. Bg2 O-O 5. d4 d6 6. O-O Nc6 7. Nc3 a6 8. h3 Rb8 9. e4 Nd7 10. Be3 Na5 11. b3 c5 12. Rc1 cxd4 13. Nxd4 Nc6 14. Nde2 Nc5 15. f4 Ne6 16. Nd5 b6 17. Qd2 f5 18. exf5 gxf5 19. b4 Rf7 20. g4 Nf8 21. g5 Bd7 22. a3 e6 23. Ndc3 Ng6 24. Qxd6 Nh4 25. Bh1 Qe8 26. Qd2 Ne7 27. Qe1 Nhg6 28. Nd4 e5 29. fxe5 f4 30. e6 Bxe6 31. Nxe6 fxe3 32. Nxg7 Rxg7 33. Qxe3 Qc8 34. Ne4 Nf5 35. Nf6+ Kh8 36. Qc3 Ngh4 37. Nh5 Qd8 38. Nxg7 Qxg5+ 39. Kh2 Nxg7 40. Qf6 Qxf6 1-0